 Dungeon Crawl Stone Soup version 0.31-a0-1540-g5a0b83f448 (webtiles) character file.

Game seed: 9391477900694761154

2954 croobank the Covert (level 9, -7/47 HPs)
             Began as a Felid Summoner on Jan 2, 2024.
             Shot with a bolt by an orc warrior (17 damage)
             ... on level 7 of the Dungeon.
             The game lasted 00:30:37 (8201 turns).

croobank the Covert (Felid Summoner)                Turns: 8201, Time: 00:30:38

Health: -7/47      AC:  2    Str:  4    XL:     9   Next: 52%
Magic:  5/17       EV: 22    Int: 22    God:
Gold:   535        SH:  0    Dex: 18    Spells: 1/18 levels left
                                        Lives:  0   Deaths: 3

rFire   . . .        (weapon unavailable)
rCold   + . .        (shield unavailable)
rNeg    . . .        (body armour unavailable)
rPois   +            (helmet unavailable)
rElec   .            (cloak unavailable)
rCorr   .            (gloves unavailable)
SInv    +            (boots unavailable)
Will    +....        (no amulet)
Stlth   ++++         g - ring of protection from cold
HPRegen 0.27/turn    n - ring of poison resistance
MPRegen 0.15/turn

%: no passive effects
@: inugami summoned
A: very small, claws 1, fangs 3, see invisible, shaggy fur 2, stealthy paws, no
weapons or thrown items, no armour, multi-lived, antennae 1, persistent drain
a: no special abilities


You were on level 7 of the Dungeon.
You visited 1 branch of the dungeon, and saw 9 of its levels.

You collected 535 gold pieces.

Inventory:

Jewellery
 b - a ring of ice
 d - a ring of resist corrosion
 g - a ring of protection from cold (left paw)
 i - a ring of ice
 l - a +6 ring of strength
 n - a ring of poison resistance (right paw)
Wands
 o - a wand of flame (6)
Scrolls
 c - 2 scrolls of poison
 f - a scroll of torment {unknown}
 j - a scroll of identify
 k - 3 scrolls of noise
Potions
 a - a potion of magic
 e - a potion of resistance {unknown}
 h - a potion of mutation
 m - a potion of heal wounds {unknown}
 p - a potion of haste
 r - a potion of lignification


   Skills:
 + Level 5.2 Fighting
 + Level 7.6 Dodging
 + Level 8.2 Stealth
 + Level 5.2 Spellcasting
 + Level 4.9 Hexes
 + Level 6.7 Summonings
 + Level 3.1 Fire Magic
 * Level 0.8 Air Magic


You had one spell level left.
You knew the following spells:

 Your Spells              Type           Power      Damage    Failure   Level
a - Summon Small Mammal   Summ           100%       N/A       1%          1
b - Call Imp              Summ           70%        N/A       1%          2
c - Call Canine Familiar  Summ           35%        N/A       1%          3
d - Summon Blazeheart Go  Fire/Summ      27%        N/A       13%         4
e - Summon Lightning Spi  Summ/Air       22%        N/A       21%         4
E - Ensorcelled Hibernat  Hex/Ice        32%        N/A       5%          2
F - Foxfire               Conj/Fire      48%        2x1d6     5%          1

Your spell library contained the following spells:

 Spells                   Type           Power      Damage    Failure   Level
 Apportation              Tloc           10%        N/A       10%         1
 Necrotise                Necr           20%        1d5       10%         1
 Sting                    Conj/Alch      20%        1d4       10%         1
 Blink                    Tloc           10%        N/A       16%         2
 Lesser Beckoning         Tloc           10%        N/A       16%         2
 Momentum Strike          Conj/Tloc      10%        3d8       16%         2
 Swiftness                Air            9%         N/A       21%         3
 Fugue of the Fallen      Necr           5%         N/A       30%         3
 Passwall                 Erth           5%         N/A       30%         3
 Anguish                  Hex/Necr       8%         N/A       34%         4
 Plasma Beam              Fire/Air       7%         2x1d17    100%        6
 Starburst                Conj/Fire      6%         6d4       100%        6


Dungeon Overview and Level Annotations

Branches:
Dungeon (9/15)             Temple (0/1) D:4
   Lair: D:8-11         Orc: D:9-12

Altars:
Nemelex Xobeh
Okawaru

Shops:
D:9 (

Annotations:
D:1 2 runed translucent doors
D:2 1 runed translucent door, Crazy Yiuf, Sigmund
D:5 !Duvessa, Duvessa
D:6 1 runed translucent door, bakla's ghost, novice DsDe


Innate Abilities, Weirdness & Mutations

You have sharp claws.
You have razor-sharp teeth.
You have supernaturally acute eyesight. (SInv)
You are covered in thick fur. (AC +2)
Your paws help you pounce on unaware monsters.
You are incapable of wielding weapons or throwing items.
You cannot wear armour.
You gain extra lives every three experience levels.
You have a pair of small antennae on your head.
Your health recovers twice as slowly from being drained.


Message History

The orc warrior is moderately wounded.
The orc wizard barely misses you. The orc warrior closely misses you.
Your inugami hits the orc warrior but does no damage.
You scratch the orc warrior but do no damage.
The orc warrior is moderately wounded.
The orc wizard completely misses you.
The orc warrior hits you with a +0 mace!
Your inugami hits the orc warrior.
You scratch the orc warrior but do no damage.
The orc warrior is moderately wounded.
The orc wizard completely misses you.
The orc warrior hits you with a +0 mace!
* * * LOW HITPOINT WARNING * * *
Your inugami hits the orc warrior.
Casting: Call Canine Familiar (safe; 1% risk of failure)
Confirm with . or Enter, or press ? or * to list all spells.
A tiny devil pulls itself out of the air.
The orc wizard closely misses you. The orc warrior closely misses you.
Your inugami completely misses the orc warrior.
The orc wizard attacks as it pursues you!
The orc wizard hits you with a +0 dagger.
* * * LOW HITPOINT WARNING * * *
The orc warrior misses you.
Your cerulean imp closely misses the orc warrior.
Your inugami completely misses the orc warrior.
Things that are here:
a +0 hand axe; an orc corpse
Casting: Call Imp (safe; 1% risk of failure)
Confirm with . or Enter, or press ? or * to list all spells.
A fiery spirit appears, bound in slag iron.
The orc wizard gestures at you while chanting.
The puff of flame misses you.
The puff of flame misses your cerulean imp.
The orc warrior completely misses you.
Your inugami closely misses the orc warrior.
Your cerulean imp barely misses the orc warrior.
The orc wizard closely misses your inugami.
The orc warrior unwields a +0 mace.
The orc warrior wields a +0 arbalest.
The orc warrior shoots a bolt.
The bolt misses your inugami. The bolt hits you!
You die...

##......#.#####
................
###........#####
..........#
#.........######
####.....>...... ..###
#.##############
.'..#####.'............#
...###)oh@..##########...#
......9o)5..# #...#
...###..).†.# #...#
.......#..#..# #...#
##......#...#..# #....
......#...#...#.. #...#
.###.#...#...#...# #...#
.....#...#...#.. #...#
##..#...#...#...#.###..##


You could see an orc warrior (ally target), an orc wizard, a friendly blazeheart
golem (summoned), a friendly cerulean imp (summoned) and a friendly inugami
(summoned).

Vanquished Creatures
  A nameless horror (D:9)
  A hornet (D:9)
  A wyvern (D:6)
  Eustachio (D:5)
  An ogre (D:4)
  2 kobold brigands
  A wight (D:9)
  A killer bee (D:9)
  A howler monkey (D:9)
  An iguana (D:5)
  3 orc wizards
  Robin (D:3)
  5 adders
  2 dart slugs
  6 orcs
  3 endoplasms (D:3)
  A giant cockroach (D:1)
  5 goblins
  2 hobgoblins
  A ball python (D:1)
  6 bats
  3 frilled lizards
  5 kobolds
  3 rats
57 creatures vanquished.

Vanquished Creatures (collateral kills)
  A troll (D:9)
  A shadow (D:9)
  A yak (D:9)
  2 water moccasins
  A sky beast (D:6)
  2 centaurs (D:9)
  A kobold brigand (D:9)
  A bullfrog (D:8)
  4 scorpions
  Dowan (D:5)
  2 howler monkeys (D:9)
  A bombardier beetle (D:6)
  2 hounds
  2 orc priests
  2 jellies
  3 orc wizards
  2 adders
  5 dart slugs
  A ribbon worm (D:4)
  16 orcs
  8 endoplasms
  2 giant cockroaches
  11 goblins
  8 hobgoblins
  6 jackals
  2 quokkas
  5 ball pythons
  4 bats
  A frilled lizard (D:2)
  11 kobolds
  2 rats (D:1)
111 creatures vanquished.

Vanquished Creatures (others)
  10 blazeheart cores
  24 foxfires
34 creatures vanquished.

Grand Total: 202 creatures vanquished

Notes
Turn   | Place    | Note
-------+----------+-------------------------------------------
     0 | D:1      | croobank the Felid Summoner began the quest for the Orb.
     0 | D:1      | Reached XP level 1. HP: 9/9 MP: 4/4
   137 | D:1      | Reached skill level 3 in Stealth
   148 | D:1      | Found a large runed translucent door.
   148 | D:1      | Found a large runed translucent door.
   149 | D:1      | Noticed an ogre
   151 | D:1      | Noticed an ogre
   152 | D:1      | Noticed an ogre
   153 | D:1      | Noticed an ogre
   191 | D:1      | Reached XP level 2. HP: 13/13 MP: 6/6
   194 | D:1      | Learned a level 2 spell: Call Imp
   907 | D:1      | Reached XP level 3. HP: 17/17 MP: 7/7
  1589 | D:2      | Reached skill level 1 in Fighting
  1693 | D:2      | Found a runed translucent door.
  1694 | D:2      | Noticed Crazy Yiuf
  1966 | D:2      | Learned a level 3 spell: Call Canine Familiar
  2264 | D:2      | Reached XP level 4. HP: 19/22 MP: 8/8
  2264 | D:2      | Gained a life (2 lives remaining)
  2324 | D:2      | Noticed Sigmund
  2496 | D:3      | Noticed Robin
  3429 | D:3      | Killed Robin
  3430 | D:3      | Reached skill level 4 in Stealth
  3575 | D:3      | Found an iron altar of Okawaru.
  3694 | D:4      | Reached XP level 5. HP: 26/26 MP: 7/10
  3734 | D:4      | Noticed an ogre
  3738 | D:4      | Learned a level 2 spell: Ensorcelled Hibernation
  3752 | D:4      | Killed an ogre
  4114 | D:4      | Gained mutation: You are covered in thick fur. (AC +2)
                  | [Felid growth]
  4114 | D:4      | Reached XP level 6. HP: 30/30 MP: 7/11
  4341 | D:4      | Found a staircase to the Ecumenical Temple.
  4370 | D:4      | Reached skill level 5 in Stealth
  4370 | D:4      | Reached skill level 5 in Summonings
  4657 | D:4      | Found a sparkling altar of Nemelex Xobeh.
  4838 | D:5      | Entered Level 5 of the Dungeon
  4899 | D:5      | Succumbed to a scorpion's poison
  4899 | D:5      | Lost a life (1 life remaining)
  4907 | D:5      | Reached skill level 5 in Dodging
  4972 | D:5      | Reached XP level 7. HP: 33/35 MP: 6/13
  4972 | D:5      | Gained a life (2 lives remaining)
  5048 | D:5      | Noticed Dowan
  5053 | D:5      | Noticed Duvessa
  5062 | D:5      | Killed Dowan
  5083 | D:5      | Slain by Duvessa
  5083 | D:5      | Lost a life (1 life remaining)
  5112 | D:5      | Noticed Eustachio
  5176 | D:5      | Killed Eustachio
  5260 | D:5      | Gained mutation: Your health recovers twice as slowly from
                  | being drained. [potion of mutation]
  5260 | D:5      | Gained mutation: You have a pair of small antennae on your
                  | head. [potion of mutation]
  5264 | D:5      | Mangled by Duvessa
  5264 | D:5      | Lost a life (0 lives remaining)
  5376 | D:5      | Reached skill level 6 in Stealth
  5719 | D:6      | Learned a level 4 spell: Summon Blazeheart Golem
  6072 | D:6      | You fall into a shaft and drop 3 floors!
  6075 | D:9      | Noticed a shadow
  6091 | D:9      | Killed a shadow
  6092 | D:9      | Reached skill level 1 in Hexes
  6092 | D:9      | Reached skill level 1 in Fire Magic
  6092 | D:9      | Reached XP level 8. HP: 16/42 MP: 13/15
  6299 | D:9      | Noticed a troll
  6306 | D:9      | Killed a troll
  6366 | D:9      | Noticed a nameless horror
  6374 | D:9      | Killed a nameless horror
  6375 | D:9      | Reached skill level 7 in Stealth
  6719 | D:9      | Learned a level 1 spell: Foxfire
  6726 | D:9      | Reached XP level 9. HP: 46/46 MP: 11/17
  7063 | D:9      | Found Lol Ducko's Antique Weapon Shop.
  7068 | D:9      | Noticed a troll
  7093 | D:8      | Reached skill level 5 in Spellcasting
  7167 | D:7      | Reached skill level 5 in Fighting
  7559 | D:6      | Reached skill level 8 in Stealth
  7834 | D:6      | Found a runed translucent door.
  7834 | D:6      | Noticed bakla's ghost (novice DsDe)
  7840 | D:6      | Learned a level 4 spell: Summon Lightning Spire
  8201 | D:7      | Shot with a bolt by an orc warrior

Illustrated notes

Levels and vault maps discovered:
D:1:      erik_arrival_cave_to_civilisation [erik_arrival_cave_to_temple],
          layout_basic
D:2:      layout_loops_cross, uniq_sigmund, uniq_crazy_yiuf_cottage
D:3:      layout_basic, mainiacjoe_overflow_alcove_1,
          nicolae_concentric_dashed_squares_wild, serial_bayou_lagoon_b,
          uniq_robin
D:4:      layout_loops_ring, mainiacjoe_overflow_boulevard,
          minmay_temple_entry_purple_smoke
D:5:      layout_basic, ebering_ghost_inner_flame, uniq_eustachio, uniq_duvessa
D:6:      layout_cave_pods, gammafunk_ghost_grave
D:7:      layout_basic, grunt_ministairs_14, hex_medium
D:8:      minmay_clustersquares, layout_rooms
D:9:      minmay_s_stair_smasher, layout_basic, grunt_temple_overflow_open,
          serial_shops, nicolae_shop_tiny_glass, hangedman_corner_corridor

Skill      XL: |  1  2  3  4  5  6  7  8  9 |
---------------+----------------------------+-----
Stealth        | 3 4 5 6 7 8 |  8.2
Dodging        | 3 4 5 6 7 |  7.6
Fighting       | 1 2 3 4 5 |  5.2
Spellcasting   | 3 4 5 |  5.2
Summonings     | 5 6 |  6.7
Hexes          | 1 3 4 |  4.9
Fire Magic     | 1 2 3 |  3.1
Air Magic      | |  0.8

Action                     |  1- 3 |  4- 6 |  7- 9 || total
---------------------------+-------+-------+-------++-------
  Melee: Unarmed           |    85 |    80 |    86 ||   251
         Bite              |     8 |     8 |    14 ||    30
         Punch             |     2 |     2 |     1 ||     5
   Cast: Summon Small Mamm |    37 |    43 |    25 ||   105
         Call Imp          |    19 |    31 |    17 ||    67
         Call Canine Famil |       |     6 |    19 ||    25
         Ensorcelled Hiber |       |     3 |     2 ||     5
         Summon Blazeheart |       |       |    14 ||    14
         Foxfire           |       |       |    14 ||    14
  Evoke: Wand              |       |     1 |     3 ||     4
    Use: Scroll            |       |     4 |     6 ||    10
         Potion            |       |       |    12 ||    12
   Stab: Sleeping          |     8 |     9 |     1 ||    18
         Distracted        |       |     1 |     2 ||     3
 Armour: Skin              |    35 |    30 |    56 ||   121
  Dodge: Dodged            |    77 |    77 |   121 ||   275

Table legend: (Time is in decaauts)
 A = Elapsed time spent in this place.
 B = Non-inter-level travel time spent in this place.
 C = Inter-level travel time spent in this place.
 D = Time resting spent in this place.
 E = Time spent auto-exploring this place.
 F = Levels seen in this place.
 G = Mean time per level.
                   A        B        C        D        E       F      G
               +--------+--------+--------+--------+--------+-----+--------+
         Total |   8185 |   8024 |    161 |   1483 |   4776 |   9 |  909.4 |
       Dungeon |   8185 |   8024 |    161 |   1483 |   4776 |   9 |  909.4 |
               +--------+--------+--------+--------+--------+-----+--------+

Top non-repeatable levels by time:
     D:1: 1570 daAuts
     D:3: 1202 daAuts
     D:4: 1175 daAuts
     D:6: 1052 daAuts
     D:9: 1006 daAuts
     D:2: 892 daAuts
     D:5: 699 daAuts
     D:7: 515 daAuts
     D:8: 70 daAuts
